 Dungeon Crawl Stone Soup version 0.26-a0-812-g31a745ddcd (webtiles) character file.

Game seed: 8339228560052929797

953 tilp the Caller (level 8, -7/72 HPs)
             Began as an Ogre Summoner on Nov 29, 2020.
             Was an Initiate of Kikubaaqudgha.
             Mangled by an ogre
             ... wielding a +0 giant spiked club
              (27 damage)
             ... on level 6 of the Dungeon.
             The game lasted 00:18:32 (8549 turns).

tilp the Caller (Ogre Summoner)                     Turns: 8549, Time: 00:18:32

Health: -7/72      AC:  6    Str: 13    XL:     8   Next: 14%
Magic:  14/14      EV: 11    Int: 18    God:    Kikubaaqudgha [......]
Gold:   134        SH:  0    Dex:  9    Spells: 9/15 levels left

rFire    . . .     SeeInvis .   a - +0 hand axe (venom)
rCold    . . .     Faith    .   (no shield)
rNeg     . . .     Spirit   .   d - +1 robe
rPois    .         Reflect  .   k - +2 hat
rElec    .         Harm     .   (no cloak)
rCorr    .         Rampage  .   (gloves unavailable)
MR       .....                  (boots unavailable)
Stlth    ++........             (no amulet)
HPRegen  0.22/turn              (no ring)
MPRegen  0.14/turn              (no ring)

@: no status effects
A: large, unfitting armour, tough skin 1
a: Renounce Religion


You were on level 6 of the Dungeon.
You worshipped Kikubaaqudgha.
Kikubaaqudgha was noncommittal.
You visited 2 branches of the dungeon, and saw 7 of its levels.

You collected 274 gold pieces.
You spent 140 gold pieces at shops.

Inventory:

Hand Weapons
 a - a +0 hand axe of venom (weapon)
 p - a +0 war axe
 v - a +0 broad axe
 w - a +1 mace of draining
 x - the +3 dagger "Ewicofig" {venom, +Rage rElec Str-5}
   (You bought it in a shop on level 4 of the Dungeon)

   It poisons the flesh of those it strikes.
   It affects your strength (-5).
   It insulates you from electricity.
   It lets you go berserk.
Missiles
 f - 188 stones
 g - a throwing net
 q - 2 boomerangs
 s - 25 poisoned darts (quivered)
Armour
 d - a +1 robe (worn)
 k - a +2 hat (worn)
Scrolls
 e - 3 scrolls of teleportation
 h - 2 scrolls of fog
 i - a scroll of enchant armour
 j - a scroll of fear {unknown}
 l - a scroll of enchant weapon {unknown}
 m - 2 scrolls of amnesia
 o - a scroll of random uselessness {unknown}
 u - a scroll of magic mapping {unknown}
 y - a scroll of remove curse {unknown}
 z - a scroll of noise {unknown}
 A - a scroll of immolation {unknown}
 D - a scroll of identify
Potions
 b - 2 potions of flight
 c - 7 potions of brilliance
 n - a potion of curing
 r - a potion of haste
 t - a potion of degeneration
 B - a potion of invisibility {unknown}
 C - a potion of ambrosia {unknown}


   Skills:
 - Level 2.0 Fighting
 - Level 5.0 Dodging
 + Level 2.5 Stealth
 - Level 4.0 Spellcasting
 + Level 6.5 Summonings
 - Level 0.6 Evocations


You had 9 spell levels left.
You knew the following spells:

 Your Spells              Type           Power        Failure   Level
a - Summon Small Mammal   Summ           ####         1%          1
b - Call Imp              Summ           ####....     1%          2
c - Call Canine Familiar  Summ           ####....     3%          3

Your spell library contained the following spells:

 Spells                   Type           Power        Failure   Level
 Summon Guardian Golem    Hex/Summ       ###.....     12%         3
 Summon Ice Beast         Ice/Summ       ###.....     36%         4
 Summon Lightning Spire   Summ/Air       ###.....     36%         4


Dungeon Overview and Level Annotations

Branches:
Dungeon (6/15)             Temple (1/1) D:5

Altars:
Ashenzari
Cheibriados
Dithmenos
Elyvilon
Fedhas
Gozag
Hepliaklqana
Kikubaaqudgha
Makhleb
Nemelex Xobeh
Okawaru
Qazlal
Ru
Sif Muna
Trog
Uskayaw
Vehumet
Wu Jian
Xom
Yredelemnul
Zin
The Shining One
Beogh

Shops:
D:4 (:*((   D:5 [   D:6 (

Annotations:
D:3 3 runed translucent doors, emiel's ghost, amateur TeAE
D:5 Grinder


Innate Abilities, Weirdness & Mutations

You are too large for most types of armour.
You have tough skin. (AC +1)


Message History

Kikubaaqudgha accepts your kill.
An ogre comes into view. It is wielding a +0 giant spiked club.
The ogre shouts!
You aren't carrying any items that you can evoke.
Casting: Call Imp (safe; 1% risk of failure)
Confirm with . or Enter, or press ? or * to list all spells.
A beastly little devil appears in a puff of flame.
Your crimson imp blinks!
The ogre barely misses you. The orc warrior closely misses you.
The ogre barely misses you.
Your crimson imp barely misses the orc warrior.
Your crimson imp blinks!
There is an open door here.
There is a stone staircase leading up here.
Okay, then.
Unknown command.
The ogre hits you with a +0 giant spiked club!!
You die...
Kikubaaqudgha rasps: "You have failed me!
Welcome... death!"

#.......#........'..
#.......#........#..
#.......#........#..
#.......#........###
#.......#...........
#.......#...........
#.......#########...
#...o...........#...
#..@O...##......#...
##########......'...
#.......#...
#......[#(..
#.......#...
#.......#...
#.......#...
#.......#>..
#.......#...


You could see an orc warrior and an ogre.

Vanquished Creatures
  A phantom (D:6)
  An ogre (D:5)
  A howler monkey (D:4)
  A jelly (D:5)
  2 bullfrog skeletons (D:5)
  3 orc priests
  5 hounds
  An orc wizard (D:6)
  4 worker ants
  An adder (D:4)
  A howler monkey skeleton (D:5)
  A shadow imp (D:5)
  A white imp (D:6)
  An ufetubus (D:4)
  An ooze (D:5)
  An adder zombie (D:5)
  An adder skeleton (D:4)
  A dart slug (D:4)
  3 leopard geckos
  16 orcs
  3 giant cockroaches
  3 goblins
  5 hobgoblins
  7 jackals
  A quokka (D:5)
  4 bats
  A jackal skeleton (D:5)
  5 kobolds
  A leopard gecko skeleton (D:4)
  3 rats
80 creatures vanquished.

Vanquished Creatures (collateral kills)
  Sigmund (D:5)
  An ice beast (D:5)
  A scorpion (D:6)
  A centaur skeleton (D:4)
  A bullfrog skeleton (D:5)
  An orc wizard (D:6)
  3 adders
  A white imp (D:6)
  An ufetubus (D:4)
  A dart slug (D:2)
  2 leopard geckos (D:1)
  2 orcs (D:5)
  A goblin (D:1)
  4 hobgoblins (D:1)
  5 jackals (D:1)
  4 bats (D:1)
  2 kobolds (D:1)
  A rat (D:2)
33 creatures vanquished.

Grand Total: 113 creatures vanquished

Notes
Turn   | Place    | Note
-------+----------+-------------------------------------------
     0 | D:1      | tilp the Ogre Summoner began the quest for the Orb.
     0 | D:1      | Reached XP level 1. HP: 16/16 MP: 3/3
   242 | D:1      | Reached skill level 4 in Summonings
   242 | D:1      | Reached XP level 2. HP: 16/24 MP: 3/5
   267 | D:1      | Learned a level 2 spell: Call Imp
  1290 | D:1      | Reached XP level 3. HP: 29/31 MP: 2/6
  1602 | D:1      | Learned a level 3 spell: Call Canine Familiar
  2737 | D:3      | Reached skill level 5 in Summonings
  2737 | D:3      | Reached XP level 4. HP: 28/39 MP: 7/7
  3076 | D:3      | Found a faded altar of an unknown god.
  3377 | D:3      | Found a runed translucent gate.
  3378 | D:3      | Found a runed translucent gate.
  3379 | D:3      | Found a runed translucent gate.
  3379 | D:3      | Identified the +4 hunting sling "Feriuntu" {speed, rElec}
  3380 | D:3      | Noticed emiel's ghost (amateur TeAE)
  3386 | D:3      | Found a roughly hewn altar of Beogh.
  3518 | D:4      | Found Iweu's Book Shop.
  3555 | D:4      | Found a bloodstained altar of Trog.
  3558 | D:4      | Found a glowing silver altar of Zin.
  3570 | D:4      | Found Taoneyp's Assorted Antiques.
  3580 | D:4      | Noticed a phantom
  3752 | D:4      | Noticed an ice beast
  3775 | D:4      | Found a sacrificial altar of Ru.
  3775 | D:4      | Found a shadowy altar of Dithmenos.
  3794 | D:4      | Reached XP level 5. HP: 30/45 MP: 1/8
  4206 | D:4      | Reached skill level 6 in Summonings
  4303 | D:4      | Reached skill level 1 in Fighting
  4378 | D:4      | Reached XP level 6. HP: 38/57 MP: 6/10
  4496 | D:4      | Found Doma's Antique Weapon Shoppe.
  4505 | D:4      | Bought a crystal dagger for 140 gold pieces
  4505 | D:4      | Identified the +3 dagger "Ewicofig" {venom, +Rage rElec
                  | Str-5} (You bought it in a shop on level 4 of the Dungeon)
  4607 | D:4      | Found Afaaciq's Antique Weapon Shoppe.
  4943 | D:4      | Found Lavo Kah's Weapon Shop.
  5000 | D:5      | Entered Level 5 of the Dungeon
  5148 | D:5      | Noticed Sigmund
  5158 | D:4      | Found an iron altar of Okawaru.
  5721 | D:5      | Found Loel's Antique Armour Shop.
  5735 | D:5      | Reached XP level 7. HP: 27/65 MP: 10/13
  6678 | D:5      | Noticed Grinder
  7109 | D:5      | Found a staircase to the Ecumenical Temple.
  7129 | Temple   | Entered the Ecumenical Temple
  7341 | Temple   | Became a worshipper of Kikubaaqudgha
  7449 | D:5      | Killed Sigmund
  7449 | D:5      | Reached skill level 5 in Dodging
  7989 | D:6      | Found Uheofycehoh's Antique Weapon Shoppe.
  8107 | D:6      | Found an ornate altar of the Wu Jian Council.
  8151 | D:6      | Reached XP level 8. HP: 57/72 MP: 14/14
  8549 | D:6      | Mangled by an ogre

Illustrated notes

Levels and vault maps discovered:
D:1:      lightli_arrival_maybe_door_vault, layout_rooms
D:2:      layout_rooms
D:3:      layout_loops_ring, biasface_ghost_orc_armoury,
          chequers_ecumenical_altar_island
D:4:      layout_basic, nicolae_overflow_hidden_temple, serial_shops, shop,
          kennysheep_little_box, nicolae_shop_behind_doors, shop, shop
D:5:      layout_gridville, minmay_temple_entry_large_hall, serial_shops, shop,
          uniq_sigmund, uniq_grinder
D:6:      layout_gridville, overflow_temple_1_default, serial_shops, shop,
          uniq_crazy_yiuf_cottage
Temple:   eino_temple_scatter_basement

Skill      XL: |  1  2  3  4  5  6  7 |
---------------+----------------------+-----
Summonings     | 4 5 6 |  6.5
Fighting       | 1 2 |  2.0
Dodging        | 2 3 5 |  5.0
Spellcasting   | 3 4 |  4.0
Stealth        | 2 |  2.5
Evocations     | |  0.6

Action                   |  1- 3 |  4- 6 |  7- 9 || total
-------------------------+-------+-------+-------++-------
Melee: Club              |    49 |       |       ||    49
       Dagger            |    71 |       |       ||    71
       Hand axe          |    17 |   149 |    89 ||   255
Throw: Dart              |       |       |     3 ||     3
 Cast: Summon Small Mamm |    20 |     4 |       ||    24
       Call Imp          |    14 |    15 |    15 ||    44
       Call Canine Famil |       |     2 |     9 ||    11
  Use: Scroll            |     3 |     6 |     1 ||    10
 Stab: Distracted        |     2 |     1 |     1 ||     4
       Sleeping          |     1 |     3 |       ||     4
Armor: Robe              |    50 |    51 |    50 ||   151
Dodge: Dodged            |   112 |   106 |    90 ||   308

Table legend: (Time is in decaauts)
 A = Elapsed time spent in this place.
 B = Non-inter-level travel time spent in this place.
 C = Inter-level travel time spent in this place.
 D = Time resting spent in this place.
 E = Time spent auto-exploring this place.
 F = Levels seen in this place.
 G = Mean time per level.
                   A        B        C        D        E       F      G
               +--------+--------+--------+--------+--------+-----+--------+
         Total |   8649 |   8297 |    352 |   2499 |   4184 |   7 | 1235.6 |
       Dungeon |   8423 |   8108 |    315 |   2499 |   3997 |   6 | 1403.8 |
        Temple |    225 |    188 |     37 |      0 |    187 |   1 |  225.0 |
               +--------+--------+--------+--------+--------+-----+--------+

Top non-repeatable levels by time:
     D:4: 2454 daAuts
     D:5: 1650 daAuts
     D:1: 1621 daAuts
     D:3: 1077 daAuts
     D:2: 851 daAuts
     D:6: 768 daAuts
  Temple: 225 daAuts
